 Dungeon Sprint DCSS version 0.19.5 (webtiles) character file.

5139 strmesko the Bludgeoner (level 10, -13/92 HPs)
             Began as a Troll Berserker on Mar 19, 2017.
             Was a High Priest of Trog.
             Mangled by a seven-headed hydra (18 damage)
             ... in the Dungeon (Sprint IX: "|||||||||||||||||||||||||||||").
             The game lasted 00:04:43 (709 turns).

strmesko the Bludgeoner (Troll Berserker)            Turns: 709, Time: 00:04:46

Health: -13/92     AC:  6    Str: 30    XL:     10   Next: 33%
Magic:  9/9        EV: 11    Int:  3    God:    Trog [*****.]
Gold:   0          SH:  0    Dex:  9    Spells: 0 memorised, 9 levels left

rFire  . . .     SeeInvis .     w - +3 dire flail (crush)
rCold  . . .     Gourm    +     b - +0 animal skin
rNeg   . . .     Faith    .     (shield currently unavailable)
rPois  .         Spirit   .     (helmet restricted)
rElec  .         Reflect  .     a - +0 cloak
rCorr  .         Harm     .     (gloves unavailable)
MR     .....     NoTele   +     (boots unavailable)
Stlth  +.........               (no amulet)
                                (no ring)
                                (no ring)

@: exhausted, slowed, very slow
A: unfitting armour, claws 3, fast metabolism 3, gourmand, regeneration 1,
shaggy fur 1, tough skin 2
a: Berserk, Trog's Hand, Brothers in Arms, Burn Spellbooks, Renounce Religion


You were in the Dungeon.
You worshipped Trog.
Trog was extremely pleased with you.
You were very full.

You visited 1 branch

Inventory:

Hand Weapons
 m - a +2 dire flail of protection
 w - a +3 dire flail of crushing (weapon)
Armour
 a - a +0 cloak (worn)
 b - a +0 animal skin (worn)
Jewellery
 n - a +3 ring of dexterity
 o - a +3 ring of intelligence
 t - an uncursed ring of protection from magic
Wands
 l - a wand of iceblast (7/15)
Scrolls
 i - 2 scrolls of blinking
 k - 5 scrolls of remove curse
 u - 3 scrolls of recharging
 v - 2 scrolls of enchant armour
Potions
 d - 6 potions of curing
 e - 5 potions of heal wounds
 f - a potion of haste
 g - 4 potions of magic
 h - a potion of berserk rage
 j - a potion of invisibility
 q - a potion of might
 r - a potion of agility
 s - a potion of resistance
Comestibles
 c - 2 bread rations


   Skills:
 + Level 3.9 Fighting
 + Level 20.3 Maces & Flails
 + Level 3.4 Dodging


You had 9 spell levels left.
You didn't know any spells.

Dungeon Overview and Level Annotations

Branches:
Dungeon (1/1)

Altars:
Cheibriados
Dithmenos
Elyvilon
Fedhas
Gozag
Hepliaklqana
Kikubaaqudgha
Makhleb
Nemelex Xobeh
Okawaru
Qazlal
Ru
Sif Muna
Trog
Uskayaw
Vehumet
Xom
Yredelemnul
Zin
The Shining One
Beogh
Jiyva
Lugonu


Innate Abilities, Weirdness & Mutations

You are too large for most types of armour.
You have claws for hands.
Your metabolism is lightning-fast.
You like to eat raw meat.
Your natural rate of healing is unusually fast.
You are covered in fur. (AC +1)
You have very tough skin. (AC +2)


Message History

The seven-headed hydra bites you! x3
* * * LOW HITPOINT WARNING * * *
The seven-headed hydra bites you.
* * * LOW HITPOINT WARNING * * *
There is an open door, spattered with blood here.
You see here a glowing great mace {god gift}.
You feel a strong urge to attack something.
You are no longer berserk.
You are exhausted.
You feel yourself slow down.
Your deep troll goes berserk!
You feel quite a bit less full.
The seven-headed hydra closely misses you.
The seven-headed hydra bites you!
* * * LOW HITPOINT WARNING * * *
The seven-headed hydra bites you but does no damage.
The seven-headed hydra bites you.
* * * LOW HITPOINT WARNING * * *
The seven-headed hydra bites you!!
You die...

▓▓▓▓▓▓▓▓▓▓▓▓▓▓▓▓▓▓▓▓▓▓▓▓▓▓▓
.)......'......T@DY.S......
▓▓▓▓▓▓▓▓▓▓▓▓▓▓▓▓▓▓▓▓▓▓▓▓▓▓▓▓▓▓▓▓▓
.................................
▓▓▓▓▓▓▓▓▓▓▓▓▓▓▓▓▓▓▓▓▓▓▓▓▓▓▓▓▓▓▓▓▓
...'_______________________.'.?|)
▓▓▓▓▓▓▓▓▓▓▓▓▓▓▓▓▓▓▓▓▓▓▓▓▓▓▓▓▓▓▓▓▓


You could see a seven-headed hydra, a yak, a water moccasin and a friendly deep
troll (berserk).

Vanquished Creatures
  A hydra (D)
  A hill giant (D)
  A deep elf mage (D)
  A black mamba (D)
  4 spiny frogs (D)
  A rime drake (D)
  A komodo dragon (D)
  A troll (D)
  A hippogriff (D)
  A wraith (D)
  A wyvern (D)
  3 water moccasins (D)
  A porcupine (D)
  A black bear (D)
  A necrophage (D)
  A wolf (D)
  2 bullfrogs (D)
  A worker ant (D)
  An adder (D)
  A dart slug (D)
  A leopard gecko (D)
  An orc (D)
  A hobgoblin (D)
  A jackal (D)
  A kobold (D)
  A frilled lizard (D)
  A goblin (D)
  A leopard gecko zombie (D)
34 creatures vanquished.

Vanquished Creatures (collateral kills)
  A yak (D)
  A soldier ant (D)
  A leopard gecko skeleton (D)
3 creatures vanquished.

Grand Total: 37 creatures vanquished

Notes
Turn   | Place    | Note
-------+----------+-------------------------------------------
     0 | D        | strmesko the Troll Berserker began the quest for the Orb.
     0 | D        | Reached XP level 1. HP: 22/22 MP: 0/0
     6 | D        | Reached skill level 3 in Maces & Flails
    12 | D        | Banished a spatial maelstrom
    13 | D        | Reached ** piety under Trog
    13 | D        | Reached skill level 4 in Maces & Flails
    32 | D        | Noticed a worker ant
    35 | D        | Reached XP level 2. HP: 29/29 MP: 1/1
    38 | D        | Reached *** piety under Trog
    38 | D        | Reached skill level 6 in Maces & Flails
    38 | D        | Reached XP level 3. HP: 36/36 MP: 2/2
    70 | D        | Found a roughly hewn altar of Beogh.
    70 | D        | Found a snail-covered altar of Cheibriados.
    70 | D        | Found a shadowy altar of Dithmenos.
    70 | D        | Found a white marble altar of Elyvilon.
    70 | D        | Found a blossoming altar of Fedhas.
    70 | D        | Found an opulent altar of Gozag.
    71 | D        | Found a hazy altar of Hepliaklqana.
    72 | D        | Found a viscous altar of Jiyva.
    73 | D        | Found an ancient bone altar of Kikubaaqudgha.
    74 | D        | Found a corrupted altar of Lugonu.
    75 | D        | Found a burning altar of Makhleb.
    76 | D        | Found a sparkling altar of Nemelex Xobeh.
    77 | D        | Found an iron altar of Okawaru.
    78 | D        | Found a stormy altar of Qazlal.
    79 | D        | Found a sacrificial altar of Ru.
    80 | D        | Found a deep blue altar of Sif Muna.
    81 | D        | Found a bloodstained altar of Trog.
    82 | D        | Found a hide-covered altar of Uskayaw.
    83 | D        | Found a radiant altar of Vehumet.
    84 | D        | Found a shimmering altar of Xom.
    85 | D        | Found a basalt altar of Yredelemnul.
    86 | D        | Found a glowing silver altar of Zin.
    87 | D        | Found a glowing golden altar of the Shining One.
   123 | D        | Noticed a hill giant
   123 | D        | Noticed a necrophage
   123 | D        | Noticed a wraith
   123 | D        | Noticed a water moccasin
   123 | D        | Noticed a yak
   129 | D        | Killed a hill giant
   129 | D        | Reached **** piety under Trog
   129 | D        | Reached skill level 13 in Maces & Flails
   129 | D        | Reached XP level 4. HP: 37/44 MP: 3/3
   129 | D        | Reached XP level 5. HP: 42/50 MP: 4/4
   129 | D        | Reached XP level 6. HP: 49/59 MP: 5/5
   137 | D        | Reached XP level 7. HP: 57/66 MP: 6/6
   141 | D        | Killed a wraith
   141 | D        | Reached skill level 14 in Maces & Flails
   148 | D        | Reached ***** piety under Trog
   152 | D        | Killed a yak
   152 | D        | Reached skill level 15 in Maces & Flails
   230 | D        | Noticed a wyvern
   230 | D        | Noticed a deep elf mage
   230 | D        | Noticed a troll
   230 | D        | Noticed a four-headed hydra
   238 | D        | Killed a wyvern
   238 | D        | Reached XP level 8. HP: 74/74 MP: 7/7
   244 | D        | Killed a deep elf mage
   244 | D        | Received a gift from Trog
   244 | D        | Reached skill level 16 in Maces & Flails
   249 | D        | Killed a four-headed hydra
   249 | D        | Reached skill level 17 in Maces & Flails
   249 | D        | Reached XP level 9. HP: 80/80 MP: 8/8
   258 | D        | Killed a troll
   258 | D        | Reached skill level 18 in Maces & Flails
   417 | D        | Noticed a spiny frog
   417 | D        | Noticed a black mamba
   420 | D        | Noticed a spiny frog
   422 | D        | Noticed a spiny frog
   425 | D        | Killed a spiny frog
   433 | D        | Killed a black mamba
   433 | D        | Received a gift from Trog
   433 | D        | Reached skill level 19 in Maces & Flails
   440 | D        | Killed a spiny frog
   444 | D        | Killed a spiny frog
   444 | D        | Reached XP level 10. HP: 59/88 MP: 9/9
   668 | D        | Noticed a spiny frog
   671 | D        | Reached skill level 20 in Maces & Flails
   673 | D        | Noticed a seven-headed hydra
   680 | D        | Killed a spiny frog
   680 | D        | Received a gift from Trog
   700 | D        | Reached ****** piety under Trog
   709 | D        | Mangled by a seven-headed hydra

Skill      XL: |  1  2  3  4  5  6  7  8  9 10 |
---------------+-------------------------------+-----
Maces & Flails | 4 6 13 15 17 19 20 | 20.3
Fighting       | 3 |  3.9
Dodging        | 3 |  3.4

Action                   |  1- 3 |  4- 6 |  7- 9 | 10-12 || total
-------------------------+-------+-------+-------+-------++-------
Melee: Mace              |    38 |       |       |       ||    38
       Dire flail        |     5 |     7 |    66 |    38 ||   116
Invok: Berserk           |     1 |       |     2 |     1 ||     4
       Brothers in Arms  |       |       |     2 |     1 ||     3
  Eat: Chunk             |     3 |       |     9 |     3 ||    15
Armor: Animal skin       |    10 |     1 |    16 |     6 ||    33
Dodge: Dodged            |    17 |     1 |    22 |    11 ||    51
